 Dungeon Crawl Stone Soup version 0.18-a0-1718-g40ea4b6 (webtiles) character file.

7247 HeOfManyNames the Bludgeoner (level 11, -4/120 HPs)
             Began as an Ogre Ice Elementalist on Apr 8, 2016.
             Splashed by Psyche's acid (6 damage)
             ... on level 8 of the Dungeon.
             The game lasted 00:14:04 (9635 turns).

HeOfManyNames the Bludgeoner (OgIE)                 Turns: 9635, Time: 00:14:04

Health: -4/120     AC:  5    Str: 15    XL:     11   Next: 12%
Magic:  0/14       EV:  7    Int: 14    God:
Gold:   71         SH:  0    Dex: 16    Spells: 2 memorised, 11 levels left

rFire  x . .     SeeInvis .     x - +1 giant club
rCold  + + .     Gourm    .     r - +1 ice dragon armour
rNeg   . . .     Faith    .     (shield currently unavailable)
rPois  .         Spirit   +     (helmet restricted)
rElec  .         Dismiss  .     (no cloak)
rCorr  .         Reflect  .     (gloves unavailable)
SustAt .         Harm     .     (boots unavailable)
MR     +....                    P - amulet of guardian spirit
Stlth  ..........               C - ring of Dadwis {Dex+3 Slay+3}
                                h - +4 ring of protection

@: corroded, somewhat resistant to hostile enchantments, extremely unstealthy
A: unfitting armour, tough skin 1
a: no special abilities


You were on level 8 of the Dungeon.
You were hungry.

You visited 1 branch of the dungeon, and saw 8 of its levels.
You also visited: Ossuary.

You collected 407 gold pieces.
You spent 336 gold pieces at shops.


Innate Abilities, Weirdness & Mutations

You are too large for most types of armour.
You have tough skin (AC +1).


   Skills:
 - Level 11.0 Fighting
 - Level 15.0 Maces & Flails
 + Level 5.9 Armour
 - Level 1.7 Dodging
 - Level 1.5 Stealth
 - Level 2.4 Spellcasting
 - Level 0.6 Conjurations
 - Level 2.8 Ice Magic


You had 11 spell levels left.
You knew the following spells:

 Your Spells              Type           Power        Failure   Level  Hunger
x - Throw Frost           Conj/Ice       #.....       83%         2    ###....
z - Freeze                Ice            #...         38%         1    #......

Inventory:

Hand Weapons
 l - a +0 giant spiked club
 x - a +1 giant club (weapon)
Missiles
 F - 2 javelins (quivered)
 G - 3 large rocks {=f}
Armour
 a - a +0 robe
 r - a +1 ice dragon armour (worn)
Jewellery
 f - an uncursed ring of see invisible
 h - a +4 ring of protection (left hand)
 C - the ring of Dadwis (right hand) {Dex+3 Slay+3}

   [ring of slaying]

   It affects your dexterity (+3).
   It affects your accuracy and damage with ranged weapons and melee attacks
   (+3).
 L - a +2 amulet of reflection
 M - an uncursed ring of protection from fire
 P - an amulet of guardian spirit (around neck)
Wands
 o - a wand of slowing (13/48)
 E - a wand of iceblast (6/15)
 H - a wand of acid (7/15)
 N - a wand of polymorph (4/24)
 Q - a wand of confusion (27/48)
Scrolls
 g - 3 scrolls of magic mapping
 k - 2 scrolls of blinking
 s - 3 scrolls of remove curse
 u - a scroll of amnesia
 y - a scroll of fear
 B - 2 scrolls of teleportation {@r4}
 D - a scroll of identify {@r1}
 I - a scroll of recharging {unknown}
 J - a scroll of enchant armour
Potions
 d - 2 potions of ambrosia
 e - 3 potions of lignification {!q}
 j - 5 potions of curing {@q1}
 m - 3 potions of brilliance {unknown}
 n - a potion of cure mutation
 p - 2 potions of berserk rage {!q}
 q - 2 potions of resistance {unknown}
 v - 2 potions of cancellation
 w - 4 potions of haste {unknown}
 z - 2 potions of might
 K - 3 potions of heal wounds {@q2}
 O - a potion of flight
Books
 b - a book of Frost

   Spells                             Type                      Level
   a - Freeze                         Ice                          1
   b - Throw Frost                    Conjuration/Ice              2
   c - Ozocubu's Armour               Charms/Ice                   3
   d - Throw Icicle                   Conjuration/Ice              4
   e - Summon Ice Beast               Ice/Summoning                4
 i - a book of Envenomations

   Spells                             Type                      Level
   a - Spider Form                    Transmutation/Poison         3
   b - Olgreb's Toxic Radiance        Poison                       4
   c - Alistair's Intoxication        Transmutation/Poison         5
   d - Poisonous Cloud                Conjuration/Poison/Air       6
 t - a book of Summonings

   Spells                             Type                      Level
   a - Recall                         Summoning/Translocation      3
   b - Aura of Abjuration             Summoning                    5
   c - Summon Demon                   Summoning                    5
   d - Summon Forest                  Summoning/Translocation      5
   e - Summon Mana Viper              Hexes/Summoning              5
   f - Shadow Creatures               Summoning                    6
Comestibles
 c - 6 bread rations
 A - a meat ration

Dungeon Overview and Level Annotations

Branches:
Dungeon (8/15)             Temple (0/1) D:6            Lair (0/8) D:8

Altars:
Cheibriados
Fedhas
Makhleb
Pakellas
Ru
Xom
Yredelemnul

Shops:
D:7 (:*%   D:8 *

Annotations:
D:8 Psyche

▒...▒▒▒▒▒.▒▒▒▒▒▒▒▒▒
▒...............)..
▒.▒▒▒▒▒▒▒.▒▒▒▒▒▒▒▒▒
▒.▒ ▒.▒ ▒▒▒'▒▒▒▒ ▒.▒
▒......▒ ▒.▒
▒......▒▒▒▒.▒▒▒▒▒▒▒▒▒
▒..>...'.........(...
▒...O..▒▒▒▒.▒▒.......
▒......▒ ▒.▒▒.▒▒▒▒▒▒
▒...)..▒ ▒.▒▒.▒
▒......▒ ▒.▒▒.▒
▒......▒ ▒.▒▒.▒
▒....@.▒ ▒.▒▒.▒
▒......▒ ▒)▒▒.▒
......... ▒.▒▒.▒
.......▒... ▒.▒▒.▒


You could see Psyche.


Message History

You beat the ogre like a drum!!!!!!
The ogre is severely wounded!
The ogre closely misses you!
You hammer the ogre like a gong!
The ogre is almost dead!
Psyche cries, "You've annihilated my pet!!!"
Psyche zaps a wand!
The bolt of acid hits you!!!
The acid burns!!!
It is a wand of acid!
You pound the ogre like an anvil!!!
You annihilate the ogre!!!
Psyche zaps a wand!
The bolt of acid hits you!!! The acid corrodes you!!!
The acid burns!!! * * * don't die
* * * Psyche screams, "Peace!!!
Flowers!!!
Freedom!!!
Dead adventurers!!!"
Psyche zaps a wand!
The bolt of acid hits you!!! * * * don't die
* * * The acid burns!!! * * * don't die
* * * You are too injured to fight recklessly!!!
You are too injured to fight recklessly!!!
You are too injured to fight recklessly!!!
You are too injured to fight recklessly!!!
Psyche zaps a wand!
The bolt of acid hits you!!! * * * don't die
* * * The acid corrodes you!!!
The acid burns!!! * * * don't die
* * * Psyche zaps a wand!
The bolt of acid hits you!!! * * * don't die
* * * The acid corrodes you!!!
The acid burns!!! rip

Action                   |  1- 3 |  4- 6 |  7- 9 | 10-12 || total
-------------------------+-------+-------+-------+-------++-------
Melee: Club              |   147 |    94 |       |       ||   241
       Unarmed           |     8 |       |       |       ||     8
       Whip              |       |    67 |       |       ||    67
       Giant club        |       |    42 |   399 |   148 ||   589
       Giant spiked club |       |       |    21 |       ||    21
 Cast: Freeze            |    16 |    32 |    24 |       ||    72
  Use: Scroll            |       |    16 |     3 |     2 ||    21
 Stab: Sleeping          |     1 |     2 |       |       ||     3
  Eat: Chunk             |     2 |     8 |    10 |     5 ||    25
       Meat ration       |       |     1 |       |       ||     1

Vault maps used:
D:1:      evilmike_arrival_come_back
D:2:      first_bread, kennysheep_generic_room_14
D:3:      wad_lake_hut
D:4:      nicolae_overflow_hidden_temple, fedhas_bush_and_centaur_altar,
          grunt_ministairs_11
D:5:      wad_crossroads, nicolae_ossuary_entry_plus, uniq_eustachio
D:6:      minmay_temple_entry_junction, uniq_edmund
D:7:      tgw_xom, serial_shops, shop_statue, shop, nicolae_shop_crystal,
          nicolae_shop_crystal
D:8:      yredelemnul_forgotten_temple_becter, makhleb_altar_promises_db,
          minmay_lair_entry_grove, serial_shops, shop, uniq_psyche
Ossuary:  ossuary_tomb_2

Notes
Turn   | Place    | Note
--------------------------------------------------------------
     0 | D:1      | HeOfManyNames the Ogre Ice Elementalist began the quest for the Orb.
     0 | D:1      | Reached XP level 1. HP: 16/16 MP: 3/3
     9 | D:1      | Noticed a centaur
   354 | D:1      | HP: 1/16 [hobgoblin/club (5)]
   716 | D:1      | Reached XP level 2. HP: 24/24 MP: 1/5
  1005 | D:1      | Reached skill level 1 in Maces & Flails
  1106 | D:1      | Reached XP level 3. HP: 21/31 MP: 6/6
  1142 | D:1      | Reached skill level 2 in Maces & Flails
  1715 | D:2      | Reached skill level 3 in Maces & Flails
  1719 | D:2      | Reached XP level 4. HP: 20/39 MP: 1/7
  2056 | D:2      | Reached skill level 4 in Maces & Flails
  2408 | D:2      | Learned a level 2 spell: Throw Frost
  2768 | D:3      | Reached XP level 5. HP: 18/45 MP: 6/8
  2911 | D:3      | Reached skill level 5 in Maces & Flails
  3519 | D:4      | Noticed an ogre
  3710 | D:3      | Killed an ogre
  3710 | D:3      | Reached skill level 6 in Maces & Flails
  3710 | D:3      | Reached XP level 6. HP: 15/53 MP: 1/9
  3964 | D:3      | Reached skill level 7 in Maces & Flails
  4290 | D:4      | Found a snail-covered altar of Cheibriados.
  4291 | D:4      | Found a sacrificial altar of Ru.
  4324 | D:4      | Found a blossoming altar of Fedhas.
  4334 | D:4      | Found an oddly glowing altar of Pakellas.
  4426 | D:4      | Reached skill level 8 in Maces & Flails
  4554 | D:4      | Identified a +0 ice dragon armour (You found it on level 2 of the Dungeon)
  4622 | D:5      | Entered Level 5 of the Dungeon
  4631 | D:5      | Reached XP level 7. HP: 43/59 MP: 10/10
  4650 | D:5      | Reached skill level 9 in Maces & Flails
  4702 | D:5      | Found a sand-covered staircase.
  4708 | Ossuary  | Entered an ossuary
  4828 | Ossuary  | Reached skill level 10 in Maces & Flails
  5124 | Ossuary  | Reached XP level 8. HP: 67/67 MP: 11/11
  5189 | D:5      | Noticed Eustachio
  5204 | D:5      | Reached skill level 11 in Maces & Flails
  5242 | D:5      | Killed Eustachio
  5346 | D:5      | Reached skill level 12 in Maces & Flails
  5706 | D:5      | Reached skill level 13 in Maces & Flails
  5789 | D:5      | Got a fine ivory ring
  5839 | D:5      | Identified the ring of Dadwis {Dex+3 Slay+3} (You found it on level 5 of the Dungeon)
  5971 | D:6      | Noticed Edmund
  5982 | D:6      | Killed Edmund
  5982 | D:6      | Reached XP level 9. HP: 66/74 MP: 12/12
  6062 | D:6      | Found a staircase to the Ecumenical Temple.
  6109 | D:6      | Reached skill level 14 in Maces & Flails
  7129 | D:6      | Reached skill level 15 in Maces & Flails
  7285 | D:6      | Reached skill level 1 in Fighting
  7293 | D:6      | Reached skill level 2 in Fighting
  7364 | D:7      | Reached skill level 3 in Fighting
  7526 | D:7      | Found a shimmering altar of Xom.
  7567 | D:7      | Reached skill level 4 in Fighting
  7579 | D:7      | Reached skill level 5 in Fighting
  7939 | D:7      | Found Icatipt's Weapon Shoppe.
  7948 | D:7      | Reached skill level 6 in Fighting
  8002 | D:7      | Found Futyb's General Store.
  8011 | D:7      | Bought an uncursed ring of protection from fire for 300 gold pieces
  8041 | D:7      | Found Wourit's Food Shoppe.
  8072 | D:7      | Found Jyuh's Book Shoppe.
  8482 | D:8      | Reached skill level 7 in Fighting
  8482 | D:8      | Reached XP level 10. HP: 81/102 MP: 13/13
  8488 | D:8      | Reached skill level 8 in Fighting
  8494 | D:8      | Reached skill level 9 in Fighting
  8510 | D:8      | Reached skill level 10 in Fighting
  8630 | D:8      | Reached skill level 11 in Fighting
  8814 | D:8      | Reached skill level 1 in Armour
  8837 | D:8      | Reached skill level 2 in Armour
  8843 | D:8      | Reached skill level 3 in Armour
  8856 | D:8      | Reached skill level 4 in Armour
  8878 | D:8      | Found a staircase to the Lair.
  9105 | D:8      | Found a burning altar of Makhleb.
  9107 | D:8      | Noticed a balrug
  9111 | D:8      | Reached XP level 11. HP: 120/120 MP: 14/14
  9190 | D:8      | Found Rishyinkyano's Assorted Antiques.
  9196 | D:8      | Bought a glowing ruby potion for 18 gold pieces
  9196 | D:8      | Bought a black potion for 18 gold pieces
  9377 | D:8      | Noticed a manticore
  9384 | D:8      | Killed a manticore
  9384 | D:8      | Reached skill level 5 in Armour
  9471 | D:8      | Found a basalt altar of Yredelemnul.
  9630 | D:8      | Noticed Psyche
  9635 | D:8      | HP: 2/120 [Psyche/wand of acid (14)]
  9635 | D:8      | Splashed by Psyche's acid

Vanquished Creatures
  A manticore (D:8)
  11 yaks (D:8)
  3 basilisks (D:8)
  Eustachio (D:5)
  Edmund (D:6)
  5 porcupines (D:8)
  3 orc warriors
  A phantom (D:8)
  4 ice beasts
  A necrophage (D:8)
  4 ogres
  3 centaurs
  7 crocodiles
  2 big kobolds
  5 giant frogs
  3 water moccasin zombies (Ossuary)
  A scorpion (D:4)
  8 killer bees
  6 crimson imps
  3 orc priests
  A centaur skeleton (D:5)
  3 hounds
  6 orc wizards
  2 iguanas
  2 worker ants
  A killer bee zombie (D:6)
  7 big kobold zombies (Ossuary)
  A hound zombie (D:3)
  2 hound skeletons
  2 mummies (Ossuary)
  A worker ant zombie (D:7)
  2 gnolls
  11 adders
  3 river rats (D:8)
  A shadow imp (D:6)
  2 oozes
  6 adder zombies
  2 adder skeletons
  2 worms
  2 dart slugs (D:5)
  4 giant geckos
  15 orcs
  9 giant cockroaches
  2 gnoll zombies (Ossuary)
  3 goblins (D:1)
  15 hobgoblins
  19 jackals
  15 kobolds
  2 quokkas
  A ball python (D:1)
  A bat (D:1)
  2 giant gecko skeletons
  6 giant newts
  3 hobgoblin zombies (Ossuary)
  6 kobold zombies (Ossuary)
  4 orc zombies (Ossuary)
  A quokka skeleton (D:7)
  A quokka zombie (D:5)
  3 rats
  A spectral orc (D:8)
245 creatures vanquished.

Vanquished Creatures (others)
  2 bushes (D:8)
  2 fungi (D:8)
  10 plants (D:8)
14 creatures vanquished.

Grand Total: 259 creatures vanquished
